 Dungeon Crawl Stone Soup version 0.27.0-1-g7a089689b8 (webtiles) character file.

Game seed: 13637007346966519822

47 MisterFreud the Cudgeller (level 3, -4/23 HPs)
             Began as a Gargoyle Fighter on Aug 4, 2021.
             Slain by a gnoll shaman (6 damage)
             ... on level 1 of the Dungeon.
             The game lasted 00:02:15 (1579 turns).

MisterFreud the Cudgeller (Gargoyle Fighter)        Turns: 1579, Time: 00:02:16

Health: -4/23      AC: 10    Str: 20    XL:     3   Next: 70%
Magic:  3/3        EV:  7    Int:  8    God:
Gold:   61         SH:  9    Dex:  9    Spells: 2/2 levels left

rFire    . . .     SeeInvis .   a - +0 flail
rCold    . . .     Faith    .   c - +0 kite shield
rNeg     + . .     Spirit   .   b - +0 scale mail
rPois    ∞         Reflect  .   (no helmet)
rElec    +         Harm     .   (no cloak)
rCorr    .         Rampage  .   (no gloves)
Will     .....                  (no boots)
Stlth    ..........             (no amulet)
HPRegen  0.07/turn              (no ring)
MPRegen  0.08/turn              (no ring)

@: lit by a corona, glowing
A: sickness immunity, AC +3, negative energy resistance 1, electricity
resistance, torment resistance 1, petrification resistance
a: no special abilities


You were on level 1 of the Dungeon.
You visited 1 branch of the dungeon, and saw 2 of its levels.

You collected 61 gold pieces.

Inventory:

Hand Weapons
 a - a +0 flail (weapon)
Armour
 b - a +0 scale mail (worn)
 c - a +0 kite shield (worn)
Jewellery
 e - a ring of flight
Scrolls
 f - a scroll of torment {unknown}
 g - a scroll of blinking {unknown}
 h - 2 scrolls of enchant armour {unknown}
 i - 2 scrolls of teleportation {unknown}
Potions
 d - a potion of might
 j - a potion of brilliance {unknown}


   Skills:
 - Level 3.2 Fighting
 + Level 3.9 Maces & Flails
 - Level 3.2 Armour
 - Level 3.2 Shields


You had 2 spell levels left.
You didn't know any spells.
Your spell library was empty.

Dungeon Overview and Level Annotations

Branches:
Dungeon (2/15)

Altars:

Shops:
D:1 *


Innate Abilities, Weirdness & Mutations

You are immune to sickness and miasma.
Your stone body is resilient. (AC +3)
You are immune to poison.
You resist negative energy. (rN+)
You are resistant to electric shocks. (rElec)
You are resistant to unholy torment.
You are immune to petrification.


Message History

The gnoll shaman is healed somewhat.
You closely miss the gnoll shaman.
The gnoll shaman is severely wounded.
The gnoll shaman closely misses you.
The gnoll shaman hits you but does no damage.
You completely miss the gnoll shaman.
The gnoll shaman is severely wounded.
The gnoll shaman hits you with a +0 club.
You hit the gnoll shaman.
The gnoll shaman is almost dead.
The gnoll shaman closely misses you.
The gnoll shaman hits you but does no damage.
You barely miss the gnoll shaman.
The gnoll shaman is almost dead.
The gnoll shaman calls down the wrath of its god upon you.
You are outlined in light.
Your shield prevents you from hitting the gnoll shaman.
The gnoll shaman is almost dead.
The gnoll shaman hits you with a +0 club.
* * * LOW HITPOINT WARNING * * *
You block the gnoll shaman's attack.
You hit the gnoll shaman but do no damage.
The gnoll shaman is almost dead.
The gnoll shaman hits you but does no damage.
You hit the gnoll shaman but do no damage.
The gnoll shaman is almost dead.
You block the gnoll shaman's attack.
You closely miss the gnoll shaman.
The gnoll shaman is almost dead.
The gnoll shaman prays to its god.
The gnoll shaman is healed somewhat.
You block the gnoll shaman's attack.
You hit the gnoll shaman.
The gnoll shaman is almost dead.
The gnoll shaman utters an invocation to its god.
The gnoll shaman is healed somewhat.
You barely miss the gnoll shaman.
The gnoll shaman is severely wounded.
You block the gnoll shaman's attack.
The gnoll shaman hits you with a +0 club.
You die...

.....##.##.# #...[..#.# ######
.....##.##.# ######...### #
>....##.##.# ##....######
.....##.##.###### ###........
...)....##......##########..#####
######..#######.....)...###..##
###...## #.........# ##..#
#......## #..g......# ##.#
#...(...###.@.......# #.#
#.....#...##.....#### #.###
#.....###.####...# ##.##. #.....#
#...##...#######..... #.....#
###...........##..... #.....#
#####.(####.##..... #.....## #..#
#........ #####..# #..##
####..### ##.# #...# #........


You could see a gnoll shaman.

Vanquished Creatures
  An adder (D:2)
  2 dart slugs (D:2)
  5 ball pythons
  3 endoplasms
  A giant cockroach (D:1)
  2 goblins (D:1)
  3 hobgoblins (D:1)
  4 kobolds (D:1)
  2 quokkas
  A bat (D:1)
  5 frilled lizards (D:1)
  4 rats (D:1)
  A spectral goblin (D:1)
34 creatures vanquished.

Notes
Turn   | Place    | Note
-------+----------+-------------------------------------------
     0 | D:1      | MisterFreud the Gargoyle Fighter began the quest for the
                  | Orb.
     0 | D:1      | Reached XP level 1. HP: 14/14 MP: 1/1
    73 | D:1      | Reached XP level 2. HP: 15/19 MP: 2/2
   663 | D:1      | Found a faded altar of an unknown god.
   861 | D:1      | Reached XP level 3. HP: 18/23 MP: 3/3
  1003 | D:1      | Found Susem's General Store.
  1579 | D:1      | Slain by a gnoll shaman

Illustrated notes

Levels and vault maps discovered:
D:1:      psy_arrival_conway, layout_rooms,
          dreamdust_ecumenical_altar_drowned_temple, serial_shops,
          nicolae_square_shop, minmay_misc_feat_x
D:2:      layout_basic, basic_altar, kennysheep_small_spiral

Skill      XL: |  1  2 |
---------------+-------+-----
Maces & Flails | 3 |  3.9
Fighting       | |  3.2
Armour         | |  3.2
Shields        | |  3.2

Action                   || total
-------------------------++-------
Melee: Flail             ||   110
Armor: Scale mail        ||    49
Dodge: Dodged            ||    39
Block: Kite shield       ||    52
